 Dungeon Crawl Stone Soup version 0.25.0-26-g0c896c7088 (webtiles) character file.

Game seed: 12242000143823631628

231 Revguard the Magician (level 5, -1/28 HPs)
             Began as a Deep Elf Necromancer on July 4, 2020.
             Slain by a gnoll
             ... wielding a +0 spear
              (2 damage)
             ... on level 3 of the Dungeon.
             The game lasted 00:10:19 (2972 turns).

Revguard the Magician (Deep Elf Necromancer)        Turns: 2972, Time: 00:10:19

Health: -1/28      AC:  3    Str:  3 (5)  XL:     5   Next: 72%
Magic:  7/16       EV: 13    Int: 21      God:
Gold:   48         SH:  0    Dex: 15      Spells: 8/17 levels left

rFire    . . .     SeeInvis .   (no weapon)
rCold    + . .     Gourm    .   (no shield)
rNeg     . . .     Faith    .   a - +0 robe
rPois    .         Spirit   .   b - +0 helmet
rElec    .         Reflect  .   (no cloak)
rCorr    .         Harm     .   (no gloves)
MR       +....                  (no boots)
Stlth    ++........             (no amulet)
HPRegen  0.09/turn              e - ring of protection from cold
MPRegen  0.15/turn              (no ring)

@: brilliant, starving, lightly drained
A: talons 1, magic resistance 1, wild magic 1
a: no special abilities


You were on level 3 of the Dungeon.
You were starving.

You visited 1 branch of the dungeon, and saw 3 of its levels.

You collected 48 gold pieces.

Inventory:

Armour
 a - a +0 robe (worn)
 b - a +0 helmet (worn)
Jewellery
 e - a ring of protection from cold (left hand)
Scrolls
 d - 2 scrolls of blinking {unknown}
 g - 6 scrolls of identify {unknown}
 h - a scroll of magic mapping {unknown}
 i - a scroll of noise {unknown}
 j - a scroll of teleportation {unknown}
 l - a scroll of immolation {unknown}
Potions
 f - a potion of cancellation
Comestibles
 c - 2 rations


   Skills:
 + Level 0.6(0.2) Fighting
 + Level 2.6(2.1) Dodging
 + Level 3.0(2.6) Stealth
 + Level 6.6(6.1) Spellcasting
 + Level 6.0(5.5) Necromancy


You had 8 spell levels left.
You knew the following spells:

 Your Spells              Type           Power        Failure   Level  Hunger
a - Pain                  Necr           ####         2%          1    None
b - Animate Skeleton      Necr           N/A          2%          1    None
c - Vampiric Draining     Necr           ######....   5%          3    None
d - Animate Dead          Necr           N/A          14%         4    None

Your spell library contained the following spells:

 Spells                   Type           Power        Failure   Level  Hunger
 Agony                    Necr           ######..     34%         5    None


Dungeon Overview and Level Annotations

Branches:
Dungeon (3/15)

Altars:
Ru
Uskayaw
Xom

Annotations:
D:3 Grinder, Terence


Innate Abilities, Weirdness & Mutations

You have sharp toenails.
You are resistant to hostile enchantments. (MR+)
Your spells are a little harder to cast, but a little more powerful.


Message History

The goblin shouts!
You are starving!
Found 8 bolts.
Found 17 gold pieces.
Terence shouts, "DIE!!!"
The rat bites you but does no damage. The rat closely misses you.
Terence says, "Rest in peace."
The rat twitches its whiskers.
The rat barely misses you.
Terence shouts, "ATTACK!!!"
You don't have the energy to cast that spell.
A gnoll comes into view.
A gnoll comes into view.
It is wielding a +0 whip of electrocution.
The gnoll hits you from afar with a +0 spear.
* * * LOW HITPOINT WARNING * * *
A gnoll comes into view. It is wielding a +0 spear.
The gnoll barely misses you.
The gnoll hits you from afar with a +0 spear.
You die...

.... ##.............#.. #.#
#....b...$.......# ..... #.#
##........gg###.#. ......
####.###.....g.....###.# .......
#...................##.# #......
og##.####............#.###.....
####.# #....g...#..)......# #
#.# ####......##.........#
####.###.og.@.r.@..$........##?#
.........##########....>.......#
#.......## ######)#)##....
#......(# #.#.# ... #..?......#
#.#.# #.......### #...#
#.......# ##..# #.......# #..#
#.......# ##.#


You could see Terence, 4 gnolls, an orc, a goblin, a bat and a rat.

Vanquished Creatures
  An ogre (D:3)
  Natasha (thrice) (D:2)
  Robin (D:2)
  An adder (D:2)
  An ooze (D:2)
  A worm (D:2)
  A dart slug (D:3)
  An orc (D:3)
  A bat (D:1)
  3 giant cockroaches (D:2)
  7 goblins
  7 hobgoblins
  2 ball pythons
  5 frilled lizards
  4 kobolds
  A rat (D:2)
40 creatures vanquished.

Vanquished Creatures (collateral kills)
  An adder (D:2)
  A goblin (D:2)
  A frilled lizard (D:2)
3 creatures vanquished.

Grand Total: 43 creatures vanquished

Notes
Turn   | Place    | Note
-------+----------+-------------------------------------------
     0 | D:1      | Revguard the Deep Elf Necromancer began the quest for the
                  | Orb.
     0 | D:1      | Reached XP level 1. HP: 10/10 MP: 6/6
     3 | D:1      | Noticed an electric eel
     3 | D:1      | Noticed an electric eel
    77 | D:1      | Reached skill level 5 in Necromancy
   420 | D:1      | Reached XP level 2. HP: 11/15 MP: 5/8
   431 | D:1      | Learned a level 1 spell: Animate Skeleton
   846 | D:2      | Found a hide-covered altar of Uskayaw.
   857 | D:2      | Found a shimmering altar of Xom.
   947 | D:2      | Noticed a +0 dagger
   948 | D:2      | Noticed a +0 hand axe
   981 | D:2      | Noticed Robin
   994 | D:2      | Gained mutation: Your spells are a little harder to cast,
                  | but a little more powerful. [potion of mutation]
   994 | D:2      | Gained mutation: You are resistant to hostile enchantments.
                  | (MR+) [potion of mutation]
   994 | D:2      | Gained mutation: You have sharp toenails. [potion of
                  | mutation]
  1000 | D:2      | Reached XP level 3. HP: 6/19 MP: 3/10
  1041 | D:2      | Killed Robin
  1475 | D:2      | Learned a level 3 spell: Vampiric Draining
  1724 | D:2      | Noticed Natasha
  1730 | D:2      | Killed Natasha
  1730 | D:2      | Reached XP level 4. HP: 7/24 MP: 2/12
  2006 | D:2      | Noticed Natasha
  2016 | D:2      | Killed Natasha
  2016 | D:2      | Reached skill level 5 in Spellcasting
  2155 | D:2      | Found a sacrificial altar of Ru.
  2177 | D:2      | Learned a level 4 spell: Animate Dead
  2631 | D:2      | Noticed Natasha
  2650 | D:3      | Noticed Grinder
  2787 | D:2      | Killed Natasha
  2787 | D:2      | Reached XP level 5. HP: 17/28 MP: 3/15
  2877 | D:3      | Noticed an ogre
  2892 | D:3      | Noticed Terence
  2903 | D:3      | Killed an ogre
  2970 | D:3      | HP: 1/28 [gnoll/+0 spear (5)]
  2972 | D:3      | Slain by a gnoll

Illustrated notes

Levels and vault maps discovered:
D:1:      arrival_aquarium_b, layout_basic
D:2:      layout_loops_corners, nicolae_overflow_crystal_walls,
          dancing_weapons_uskayaw, nicolae_ru_awakened_eye, first_ration,
          uniq_natasha, uniq_robin
D:3:      layout_rooms, grunt_dithmenos_smoke, chequers_ecumenical_altar_simple,
          uniq_terence, uniq_grinder

Skill      XL: |  1  2  3  4  5 |
---------------+----------------+-----
Necromancy     | 5 6 |  6.0
Spellcasting   | 4 5 6 |  6.6
Stealth        | 3 |  3.0
Fighting       | |  0.6
Dodging        | |  2.6

Action                   |  1- 3 |  4- 6 || total
-------------------------+-------+-------++-------
Melee: Unarmed           |     6 |     3 ||     9
       Kick              |       |     1 ||     1
 Cast: Pain              |    43 |    21 ||    64
       Animate Skeleton  |     9 |     3 ||    12
       Vampiric Draining |     2 |    11 ||    13
       Animate Dead      |       |     2 ||     2
  Use: Potion            |     3 |     1 ||     4
 Stab: Sleeping          |       |     1 ||     1
  Eat: Chunk             |     2 |     3 ||     5
Armor: Robe              |       |     4 ||     4
Dodge: Dodged            |    13 |    29 ||    42
